 Dungeon Crawl Stone Soup version 0.21.1-1-g345015f (webtiles) character file.

193 tidbits the Grave Robber (level 5, 36/37 HPs)
             Began as a Gnoll Necromancer on June 29, 2018.
             Was a Follower of Yredelemnul.
             Quit the game on level 3 of the Dungeon.
             The game lasted 00:04:24 (450 turns).

tidbits the Grave Robber (Gnoll Necromancer)         Turns: 450, Time: 00:04:25

Health: 36/37      AC:  3    Str: 10    XL:     5   Next: 72%
Magic:  11/12      EV: 15    Int: 18    God:    Yredelemnul [*.....]
Gold:   48         SH:  0    Dex: 16    Spells: 2/14 levels left

rFire    . . .     SeeInvis .   g - +2 scythe (venom)
rCold    . . .     Gourm    .   (shield currently unavailable)
rNeg     . . .     Faith    .   B - +0 robe
rPois    .         Spirit   .   (no helmet)
rElec    .         Reflect  .   C - +0 cloak (curse)
rCorr    .         Harm     .   (no gloves)
MR       .....                  (no boots)
Stlth    +++.......             q - amulet of rage
HPRegen  0.12/turn              (no ring)
MPRegen  0.13/turn              (no ring)

@: no status effects
A: distributed training, fangs 1, strong nose
a: Animate Remains, Renounce Religion, Evoke Berserk Rage


You were on level 3 of the Dungeon.
You worshipped Yredelemnul.
Yredelemnul was aware of your devotion.
You were not hungry.

You visited 1 branch of the dungeon, and saw 3 of its levels.

You collected 48 gold pieces.

Inventory:

Hand Weapons
 g - a +2 scythe of venom (weapon)
   (You took it off Sigmund on level 2 of the Dungeon)
 j - a cursed -3 dagger
Armour
 B - a +0 robe (worn)
 C - a cursed +0 cloak (worn)
Jewellery
 q - an amulet of rage (around neck)
   (You found it on level 2 of the Dungeon)
Scrolls
 i - 2 scrolls of teleportation {unknown}
 k - a scroll of noise
 n - a scroll of remove curse {unknown}
 o - a scroll of amnesia {unknown}
Potions
 d - a potion of curing
 e - a potion of magic {unknown}
 f - a potion of flight
 h - a potion of agility
 l - a potion of degeneration {unknown}
 m - a potion of haste
 p - a potion of ambrosia {unknown}
Books
 b - a book of Necromancy

   Spells                             Type                      Level
   a - Pain                           Necromancy                   1
   b - Animate Skeleton               Necromancy                   1
   c - Vampiric Draining              Necromancy                   3
   d - Regeneration                   Charms/Necromancy            3
   e - Animate Dead                   Necromancy                   4
   f - Borgnjor's Vile Clutch         Necromancy/Earth             5
Comestibles
 c - 3 rations


   Skills:
 + Level 1.6 Fighting
 + Level 1.6 Short Blades
 + Level 1.6 Long Blades
 + Level 1.6 Axes
 + Level 1.6 Maces & Flails
 + Level 1.6 Polearms
 + Level 1.6 Staves
 + Level 1.6 Slings
 + Level 1.6 Bows
 + Level 1.6 Crossbows
 + Level 1.6 Throwing
 + Level 1.6 Armour
 + Level 4.8 Dodging
 + Level 4.4 Stealth
 + Level 1.6 Shields
 + Level 1.6 Unarmed Combat
 + Level 5.2 Spellcasting
 + Level 1.2 Conjurations
 + Level 1.2 Hexes
 + Level 1.2 Charms
 + Level 1.2 Summonings
 + Level 7.2 Necromancy
 + Level 1.2 Translocations
 + Level 1.2 Transmutations
 + Level 1.2 Fire Magic
 + Level 1.2 Ice Magic
 + Level 1.2 Air Magic
 + Level 1.2 Earth Magic
 + Level 1.2 Poison Magic
 + Level 1.8 Invocations
 + Level 1.6 Evocations


You had 2 spell levels left.
You knew the following spells:

 Your Spells              Type           Power        Failure   Level  Hunger
a - Pain                  Necr           ####         1%          1    None
d - Vampiric Draining     Necr           ####......   1%          3    ##.....
n - Animate Skeleton      Necr           N/A          1%          1    None
r - Regeneration          Chrm/Necr      ###.......   7%          3    ##.....
N - Animate Dead          Necr           N/A          7%          4    ####...


Dungeon Overview and Level Annotations

Branches:
Dungeon (3/15)

Altars:
Vehumet
Yredelemnul


Innate Abilities, Weirdness & Mutations

Your experience applies equally to all skills.
You have very sharp teeth.
Your uncanny sense of smell can sniff out nearby items.


Message History

You closely miss the jackal. The jackal misses you. The jackal bites you.
The jackal misses you.
You hit the jackal.
You kill the jackal!
The quokka closely misses you.
You barely miss the quokka. The quokka misses you.
The quokka barely misses you. The quokka closely misses you.
You slash the quokka!
You kill the quokka!
The kobold throws a stone.
The stone hits you but does no damage.
The kobold throws a stone.
The stone barely misses you. The kobold hits you.
Things that are here:
a quokka corpse; a jackal corpse Attack whom?
Press: ? - help, Dir - move target cursor, f - kobold
Aim: a kobold
Okay, then.
You barely miss the kobold. The kobold misses you. The kobold hits you.
You hit the kobold.
You kill the kobold!
You see here a stone.
Attack whom?
Press: ? - help, Dir - move target cursor, f - leopard gecko
Aim: a leopard gecko (clinging, resting)
You reach to attack!
The helpless leopard gecko fails to defend itself.
You hit the leopard gecko.
The leopard gecko is poisoned.
The leopard gecko is heavily wounded.
The leopard gecko completely misses you.
You slash the leopard gecko!
You kill the leopard gecko!
Found 21 arrows.
You see here a stone.
Attack whom?
Press: ? - help, Dir - move target cursor, f - goblin
Aim: a goblin, wielding a dagger (resting)
You reach to attack!
The helpless goblin fails to defend itself.
You slash the goblin!
You kill the goblin!
Wear which item? (? for menu, Esc to quit)
You start putting on your armour.
You continue putting on your runed cloak. x4
You finish putting on your cursed +0 cloak.
Oops, that feels deathly cold.
Adjust (i)tems, (s)pells, or (a)bilities?
Adjust which item? (? for menu, Esc to quit)
r - a cursed +0 cloak (worn)
Adjust to which letter? (? for menu, Esc to quit)
C - a cursed +0 cloak (worn)
Adjust (i)tems, (s)pells, or (a)bilities?
Adjust which item? (? for menu, Esc to quit)
a - a +0 robe (worn)
Adjust to which letter? (? for menu, Esc to quit)
B - a +0 robe (worn)
Things that are here:
a dagger; a goblin corpse A bat comes into view.
Attack whom?
Press: ? - help, Dir - move target cursor, f - bat
Aim: a bat You reach to attack!
You slash the bat!
You kill the bat!
You see here a bat corpse.
Unknown command.
An orc comes into view. It is wielding a flail.
Casting: Pain
Confirm with . or Enter, or press ? or * to list all spells.
Aiming: Pain
Press: ? - help, Shift-Dir - straight line, f - orc
Aim: an orc, wielding a flail (hasn't noticed you, chance to defeat MR: 93%)
The orc shouts!
The orc writhes in agony!
Casting: Pain
Confirm with . or Enter, or press ? or * to list all spells.
Aiming: Pain
Press: ? - help, Shift-Dir - straight line, f/p - orc
Aim: an orc, wielding a flail (moderately wounded, chance to defeat MR: 93%)
The orc writhes in agony!
You kill the orc!
Found a faded altar of an unknown god.
Unknown command.
Unknown command.
Unknown command.
Unknown command.
Unknown command.
Unknown command.
Unknown command.
Unknown command.
Unknown command.
Unknown command.
There is a faded altar of an unknown god here.
You cannot tell which god this altar belongs to.
Convert to them anyway?
Okay, then.
You cannot tell which god this altar belongs to.
Convert to them anyway?
Yredelemnul accepts your prayer! Yredelemnul welcomes you!
You can now animate remains.
Are you sure you want to abandon this character and quit the game? (Confirm with "yes".)

♣♣ ## ♣.♣♣ ...
♣@♣♣ #.. ♣♣.♣
....# #..♣♣.♣♣
....# ####..♣.♣♣
....# ......♣♣.♣
....# #...♣.♣
[...# # ##.....#
....# #. #....###
....####.##..#..#


There were no monsters in sight!

Vanquished Creatures
  Sigmund (D:2)
  2 adders (D:2)
  An ooze (D:2)
  2 leopard geckos
  An orc (D:3)
  2 giant cockroaches
  A goblin (D:3)
  A hobgoblin (D:2)
  2 jackals (D:3)
  3 kobolds
  A quokka (D:3)
  5 bats
  2 rats (D:2)
24 creatures vanquished.

Notes
Turn   | Place    | Note
-------+----------+-------------------------------------------
     0 | D:1      | tidbits the Gnoll Necromancer began the quest for the Orb.
     0 | D:1      | Reached XP level 1. HP: 13/13 MP: 6/6
    23 | D:2      | Reached XP level 2. HP: 17/19 MP: 3/7
    26 | D:2      | Learned a level 1 spell: Animate Skeleton
    62 | D:2      | Noticed Sigmund
    68 | D:2      | Killed Sigmund
    68 | D:2      | Reached skill level 1 in Fighting
    68 | D:2      | Reached skill level 1 in Short Blades
    68 | D:2      | Reached skill level 1 in Long Blades
    68 | D:2      | Reached skill level 1 in Axes
    68 | D:2      | Reached skill level 1 in Maces & Flails
    68 | D:2      | Reached skill level 1 in Polearms
    68 | D:2      | Reached skill level 1 in Staves
    68 | D:2      | Reached skill level 1 in Slings
    68 | D:2      | Reached skill level 1 in Bows
    68 | D:2      | Reached skill level 1 in Crossbows
    68 | D:2      | Reached skill level 1 in Throwing
    68 | D:2      | Reached skill level 1 in Armour
    68 | D:2      | Reached skill level 1 in Shields
    68 | D:2      | Reached skill level 1 in Unarmed Combat
    68 | D:2      | Reached skill level 5 in Spellcasting
    68 | D:2      | Reached skill level 1 in Conjurations
    68 | D:2      | Reached skill level 1 in Hexes
    68 | D:2      | Reached skill level 1 in Charms
    68 | D:2      | Reached skill level 1 in Summonings
    68 | D:2      | Reached skill level 1 in Translocations
    68 | D:2      | Reached skill level 1 in Transmutations
    68 | D:2      | Reached skill level 1 in Fire Magic
    68 | D:2      | Reached skill level 1 in Ice Magic
    68 | D:2      | Reached skill level 1 in Air Magic
    68 | D:2      | Reached skill level 1 in Earth Magic
    68 | D:2      | Reached skill level 1 in Poison Magic
    68 | D:2      | Reached skill level 1 in Invocations
    68 | D:2      | Reached skill level 1 in Evocations
    68 | D:2      | Reached XP level 3. HP: 22/26 MP: 3/9
    68 | D:2      | Reached XP level 4. HP: 27/32 MP: 3/11
    68 | D:2      | Reached XP level 5. HP: 31/37 MP: 3/12
    73 | D:2      | Learned a level 3 spell: Vampiric Draining
    77 | D:2      | Learned a level 3 spell: Regeneration
    82 | D:2      | Learned a level 4 spell: Animate Dead
   383 | D:3      | Found a radiant altar of Vehumet.
   447 | D:3      | Found a faded altar of an unknown god.
   449 | D:3      | Became a worshipper of Yredelemnul the Dark
   449 | D:3      | Reached * piety under Yredelemnul
   450 | D:3      | Quit the game

Skill      XL: |  1  2 |
---------------+-------+-----
Fighting       | 1 |  1.6
Short Blades   | 1 |  1.6
Long Blades    | 1 |  1.6
Axes           | 1 |  1.6
Maces & Flails | 1 |  1.6
Polearms       | 1 |  1.6
Staves         | 1 |  1.6
Slings         | 1 |  1.6
Bows           | 1 |  1.6
Crossbows      | 1 |  1.6
Throwing       | 1 |  1.6
Armour         | 1 |  1.6
Shields        | 1 |  1.6
Unarmed Combat | 1 |  1.6
Spellcasting   | 5 |  5.2
Conjurations   | 1 |  1.2
Hexes          | 1 |  1.2
Charms         | 1 |  1.2
Summonings     | 1 |  1.2
Translocations | 1 |  1.2
Transmutations | 1 |  1.2
Fire Magic     | 1 |  1.2
Ice Magic      | 1 |  1.2
Air Magic      | 1 |  1.2
Earth Magic    | 1 |  1.2
Poison Magic   | 1 |  1.2
Invocations    | 1 |  1.8
Evocations     | 1 |  1.6
Dodging        | |  4.8
Stealth        | |  4.4
Necromancy     | |  7.2

Action                   |  1- 3 |  4- 6 || total
-------------------------+-------+-------++-------
Melee: Unarmed           |     1 |       ||     1
       Scythe            |       |    13 ||    13
 Cast: Pain              |     6 |    23 ||    29
  Use: Scroll            |       |     5 ||     5
 Stab: Sleeping          |     1 |     2 ||     3
Armor: Robe              |       |     4 ||     4
Dodge: Dodged            |       |    26 ||    26

Table legend:
 A = Turns spent in this place as a percentage of turns spent in the entire game.
 B = Non-inter-level travel turns spent in this place as a percentage of non-inter-level travel turns spent in the entire game.
 C = Inter-level travel turns spent in this place as a percentage of turns spent in this place.
 D = Turns resting spent in this place as a percentage of non-inter-level travel turns spent in this place.
 E = Turns spent auto-exploring this place as a percentage of non-inter-level travel turns spent in this place.
 F = Non-inter-level travel turns spent in this place divided by the number of levels of this place that you've seen.
                   A       B       C       D       E      F
               +-------+-------+-------+-------+-------+----------------------
         Total | 100.0 | 100.0 |   0.0 |   0.0 |   0.0 | 150.0
       Dungeon | 100.0 | 100.0 |   0.0 |   0.0 |   0.0 | 150.0
               +-------+-------+-------+-------+-------+----------------------

Table legend:
 A = Kills in this place as a percentage of kills in entire the game.
 B = Kills by you in this place as a percentage of kills by you in the entire game.
 C = Kills by friends in this place as a percentage of kills by friends in the entire game.
 D = Other kills in this place as a percentage of other kills in the entire game.
 E = Experience gained in this place as a percentage of experience gained in the entire game.
 F = Experience gained in this place divided by the number of levels of this place that you have seen.
                   A       B       C       D       E      F
               +-------+-------+-------+-------+-------+----------------------
         Total | 100.0 | 100.0 |   N/A |   N/A | 100.0 |  92.3
       Dungeon | 100.0 | 100.0 |   N/A |   N/A | 100.0 |  92.3
               +-------+-------+-------+-------+-------+----------------------

Vault maps used:
D:1:      dpeg_arrival_fog, serial_park_tiny_pond, serial_bayou_crossing
D:2:      corexii_leaking_fountain, uniq_sigmund
D:3:      chequers_temple_overflow_statue_of_worship, lemuel_round_altar,
          lemuel_crystal_altar, chequers_ecumenical_altar_twisty, first_ration
